Map: 2000 Atmospheres LE

Players

Neeb

  • Race: Protoss Protoss

DisK - Winner!

  • Race: Protoss Protoss

Event: DreamHack SC2 Masters 2021 Winter

VOD

Have the link to the VOD?

Description

Time

  • Played on: Oct. 5, 2021, 4:54 p.m.
  • Length: 22:12

All games in this series

Show
View Real Time Build Order
Export as new Build Order

Neeb Protoss 

Build Orders: Oracle Opening, Phoenix Opening 

Get SALT Encoding   

  12  0:00  Probe  
  13  0:12  Probe  
  14  0:17  Pylon  
  14  0:24  Probe (Chrono Boost)  
  15  0:37  Gateway, Probe (Chrono Boost)  
  16  0:44  Assimilator  
  16  0:45  Probe (Chrono Boost)  
  17  0:52  Probe  
  17  0:55  Assimilator  
  18  1:04  Probe (Chrono Boost)  
  18  1:09  Gateway  
  19  1:16  Probe (Chrono Boost)  
  20  1:20  Probe (Chrono Boost)  
  21  1:27  Cybernetics Core  
  21  1:31  Probe  
  22  1:39  Pylon  
  22  1:43  Probe  
  23  1:57  Probe  
  24  2:04  Stalker, Warp Gate, Sentry  
  28  2:09  Probe  
  28  2:14  Pylon  
  29  2:21  Probe  
  30  2:34  Stargate  
  30  2:36  Stalker  
  32  2:38  Phoenix  
  31  2:58  Nexus  
  31  3:07  Probe  
  32  3:15  Oracle (Chrono Boost)  
  32  3:17  Shield Battery  
  35  3:23  Probe  
  35  3:35  Probe  
  35  3:36  Pylon  
  36  3:42  Oracle (Chrono Boost)  
  36  3:45  Gateway  
  39  3:54  Probe  
  39  3:55  Twilight Council  
  40  4:06  Probe  
  40  4:08  Stalker  
  43  4:10  Probe  
  43  4:13  Shield Battery  
  44  4:18  Probe (Chrono Boost)  
  44  4:22  Probe (Chrono Boost)  
  45  4:27  Blink (Chrono Boost)  
  45  4:30  Probe (Chrono Boost)  
  45  4:31  Forge  
  46  4:34  Probe (Chrono Boost)  
  46  4:38  Probe (Chrono Boost)  
  48  4:39  Probe (Chrono Boost)  
  48  4:44  Probe  
  49  4:49  Probe  
  51  4:56  Probe  
  52  5:01  Probe  
  52  5:02  Nexus, Protoss Ground Weapons Level 1 (Chrono Boost)  
  52  5:04  Pylon  
  53  5:08  Probe  
  53  5:12  Stalker  
  57  5:14  Probe  
  57  5:15  Sentry  
  57  5:19  Assimilator  
  59  5:22  Probe  
  60  5:32  Probe  
  60  5:35  Probe, Shield Battery  
  62  5:39  Stalker x2  
  66  5:44  Probe  
  67  5:51  Gateway  
  67  5:52  Probe  
  67  5:53  Gateway  
  67  5:56  Robotics Facility  
  68  5:57  Probe  
  68  6:04  Probe, Pylon  
  70  6:07  Pylon  
  70  6:08  Pylon  
  70  6:14  Stalker x2, Probe  
  70  6:16  Probe  
  70  6:17  Probe  
  77  6:22  Charge  
  77  6:26  Probe (Chrono Boost)  
  77  6:28  Probe (Chrono Boost)  
  77  6:32  Probe (Chrono Boost)  
  80  6:37  Assimilator  
  80  6:38  Assimilator, Probe (Chrono Boost)  
  82  6:40  Probe (Chrono Boost)  
  82  6:42  Gateway  
  82  6:43  Gateway  
  82  6:45  Probe x2 (Chrono Boost)  
  82  6:47  Templar Archives  
  84  6:48  Probe (Chrono Boost)  
  84  6:50  Observer  
  84  6:53  Probe  
  87  6:56  Probe  
  87  6:58  Probe  
  89  7:02  Gateway, Protoss Ground Weapons Level 2 (Chrono Boost)  
  89  7:07  Gateway  
  89  7:09  Probe x2  
  89  7:10  Pylon  
  89  7:11  Probe  
  89  7:14  Assimilator  
  92  7:17  Immortal, Pylon  
  92  7:21  Probe  
  97  7:32  Zealot  
  97  7:33  Zealot x3, Pylon  
  105  7:40  Photon Cannon  
  105  7:41  Robotics Bay  
  105  7:42  Robotics Facility  
  105  7:58  Zealot x7  
  114  8:01  Warp Prism  
  114  8:05  Probe  
  117  8:13  Robotics Facility  
  117  8:15  Pylon  
  117  8:18  High Templar x4  
  117  8:19  Zealot  
  127  8:20  Zealot x3  
  127  8:22  Archon  
  127  8:23  Archon  
  133  8:29  Nexus  
  133  8:33  Pylon  
  133  8:45  Zealot x2, High Templar x2  
  141  8:49  Pylon  
  141  8:51  Pylon  
  141  8:53  Pylon  
  141  8:55  Archon  
  141  8:57  Disruptor (Chrono Boost)  
  141  9:00  Disruptor (Chrono Boost)  
  144  9:07  Probe x2  
  149  9:11  Photon Cannon x2  
  149  9:15  Photon Cannon, Probe  
  150  9:17  Shield Battery  
  150  9:19  Probe  
  150  9:20  Protoss Ground Weapons Level 3 (Chrono Boost)  
  151  9:25  Probe, Disruptor  
  151  9:27  Probe  
  151  9:28  Disruptor  
  160  9:31  Probe  
  160  9:33  Assimilator  
  160  9:36  Assimilator  
  160  9:38  Probe  
  161  9:39  Probe  
  162  9:49  Zealot x5, High Templar x2  
  176  9:54  Pylon  
  176  9:55  Pylon  
  176  9:56  Archon  
  176  10:00  Disruptor  
  176  10:04  Dark Shrine  
  176  10:16  Disruptor  
  176  10:18  Pylon  
  179  10:22  Nexus  
  177  10:36  Gateway, Disruptor  
  177  10:38  Photon Cannon, Zealot, Gateway  
  177  10:41  Gateway  
  177  10:42  Gateway  
  179  10:43  Zealot x3  
  179  10:44  Zealot  
  187  10:52  Disruptor  
  190  11:04  Fleet Beacon  
  190  11:08  Stargate  
  190  11:09  Nexus, Stargate  
  189  11:17  Zealot x4  
  195  11:20  Protoss Air Weapons Level 1  
  195  11:25  Stalker x3, Nexus  
  190  11:37  Disruptor x2  
  197  12:08  Assimilator, Pylon  
  197  12:10  Assimilator  
  197  12:12  Stalker  
  197  12:14  Stalker x3  
  199  12:18  Pylon  
  199  12:20  Observer  
  200  12:27  Shield Battery  
  200  12:29  Photon Cannon  
  200  12:32  Photon Cannon  
  200  12:33  Photon Cannon  
  200  12:34  Carrier  
  200  12:35  Carrier  
  200  12:38  Photon Cannon  
  200  12:42  Carrier  
  177  13:00  Dark Templar x3  
  177  13:04  Dark Templar x5  
  179  13:09  Probe x2  
  179  13:10  Probe x2  
  183  13:19  Zealot x7  
  189  13:21  Probe  
  189  13:22  Probe x3  
  161  13:33  Probe  
  161  13:34  Probe  
  149  13:37  Stalker x5  
  153  13:44  Stalker x2  
  149  13:49  Probe  
  149  13:53  Probe x2  
  152  14:03  Disruptor x2 (Chrono Boost)  
  152  14:04  Nexus  
  152  14:07  Stalker x2  
  156  14:15  Photon Cannon  
  153  14:30  Probe x2  
  155  14:31  Probe, Disruptor x2  
  155  14:33  Probe  
  155  14:37  Pylon  
  156  15:01  Probe  
  156  15:07  Disruptor x2 (Chrono Boost)  
  156  15:09  Photon Cannon  
  156  15:11  Photon Cannon  
  154  15:16  Stalker x5  
  164  15:28  Dark Templar  
  166  15:36  Protoss Air Weapons Level 2 (Chrono Boost), Assimilator  
  166  15:37  Assimilator  
  166  15:40  Dark Templar  
  166  15:42  Disruptor (Chrono Boost)  
  169  15:50  Stalker x2  
  169  15:54  Dark Templar  
  175  16:07  Observer (Chrono Boost)  
  176  16:15  Disruptor (Chrono Boost)  
  179  16:24  Stalker x7  
  179  16:25  Observer (Chrono Boost)  
  192  16:46  Pylon  
  192  16:47  Pylon  
  185  16:48  Pylon  
  179  16:56  Nexus  
  175  17:13  Nexus  
  175  17:19  Stalker x5  
  182  17:26  Dark Templar  
  168  17:32  Dark Templar x2  
  168  17:34  Dark Templar x2  
  168  18:02  Pylon  
  118  18:20  Disruptor x2 (Chrono Boost)  
  116  18:44  Stalker  
  116  18:45  Stalker x10  
  136  18:49  Disruptor (Chrono Boost)  
  142  18:56  Shadow Stride (Chrono Boost)  
  142  18:59  Disruptor (Chrono Boost)  
  142  19:08  Photon Cannon  
  142  19:17  Stalker x8  
  134  19:21  Disruptor (Chrono Boost)  
  148  19:27  Disruptor (Chrono Boost)  
  151  19:44  Disruptor (Chrono Boost)  
  151  19:45  Dark Templar x3  
  153  19:50  Assimilator  
  153  19:51  Assimilator  
  163  19:54  Disruptor (Chrono Boost)  
  163  20:08  Disruptor  
  160  20:21  Stalker x3  
  160  20:22  Stalker x4  
  160  20:23  Disruptor  
  149  20:48  Disruptor  
  131  20:58  Disruptor  
  131  21:00  Zealot x4  
  131  21:01  Zealot x7  
  134  21:17  Nexus  
  93  21:46  Nexus  
  90  22:04  Stalker x2  
Show
View Real Time Build Order
Export as new Build Order

DisK Protoss - Winner!

Build Orders: Blink Stalkers 

Get SALT Encoding   

  12  0:00  Probe  
  13  0:12  Probe  
  14  0:16  Pylon  
  14  0:24  Probe (Chrono Boost)  
  15  0:35  Gateway  
  15  0:36  Probe (Chrono Boost)  
  16  0:45  Probe (Chrono Boost)  
  16  0:46  Assimilator  
  17  0:50  Probe  
  17  0:54  Assimilator  
  18  1:03  Probe (Chrono Boost)  
  19  1:07  Gateway  
  19  1:12  Probe (Chrono Boost)  
  20  1:18  Probe  
  20  1:23  Cybernetics Core  
  21  1:30  Probe  
  22  1:40  Pylon  
  22  1:42  Probe  
  23  1:57  Warp Gate (Chrono Boost)  
  23  1:58  Probe  
  23  1:59  Adept x2  
  28  2:10  Probe  
  28  2:11  Pylon  
  29  2:22  Shield Battery  
  29  2:26  Pylon  
  29  2:33  Adept x2  
  33  2:52  Nexus  
  33  3:03  Probe  
  34  3:11  Twilight Council  
  34  3:14  Sentry x2  
  34  3:16  Probe  
  39  3:20  Pylon  
  39  3:38  Probe  
  40  3:46  Blink (Chrono Boost)  
  40  3:47  Shield Battery  
  40  3:50  Probe  
  40  3:52  Stalker  
  40  3:54  Sentry  
  46  4:04  Probe (Chrono Boost)  
  46  4:08  Probe (Chrono Boost)  
  47  4:13  Probe (Chrono Boost)  
  47  4:16  Probe (Chrono Boost)  
  49  4:18  Probe (Chrono Boost)  
  46  4:24  Stalker  
  46  4:25  Stalker  
  46  4:30  Probe (Chrono Boost)  
  48  4:33  Probe (Chrono Boost)  
  48  4:34  Forge  
  48  4:37  Probe (Chrono Boost)  
  49  4:40  Probe (Chrono Boost)  
  49  4:42  Phoenix  
  50  4:48  Stalker  
  52  4:57  Protoss Ground Weapons Level 1  
  52  4:59  Stalker  
  55  5:00  Probe x2  
  56  5:12  Probe  
  56  5:13  Nexus  
  57  5:15  Pylon  
  57  5:19  Stalker  
  57  5:20  Probe  
  60  5:23  Assimilator  
  58  5:28  Probe  
  58  5:34  Robotics Facility  
  59  5:37  Gateway  
  59  5:38  Gateway  
  59  5:42  Shield Battery  
  59  5:44  Probe  
  59  5:47  Probe (Chrono Boost)  
  61  5:52  Stalker  
  61  5:54  Stalker  
  61  5:56  Pylon  
  65  5:58  Probe (Chrono Boost)  
  66  6:07  Charge  
  66  6:08  Probe (Chrono Boost)  
  66  6:09  Probe (Chrono Boost)  
  68  6:12  Probe (Chrono Boost)  
  68  6:14  Probe  
  70  6:23  Observer, Probe  
  70  6:24  Probe  
  73  6:26  Probe  
  73  6:29  Gateway  
  73  6:30  Gateway  
  74  6:35  Probe (Chrono Boost)  
  74  6:36  Probe (Chrono Boost)  
  74  6:37  Gateway  
  74  6:39  Gateway  
  77  6:41  Probe (Chrono Boost)  
  77  6:46  Pylon  
  77  6:47  Probe (Chrono Boost)  
  77  6:49  Observer, Probe (Chrono Boost)  
  81  6:54  Assimilator  
  81  6:55  Probe x2 (Chrono Boost)  
  81  6:56  Probe (Chrono Boost)  
  81  6:58  Pylon  
  83  7:03  Probe  
  83  7:04  Templar Archives  
  83  7:06  Zealot x3  
  90  7:10  Protoss Ground Weapons Level 2 (Chrono Boost)  
  90  7:13  Observer  
  90  7:20  Probe x2  
  92  7:24  Nexus  
  92  7:27  Pylon  
  91  7:39  Zealot x5  
  91  7:42  Probe x3  
  104  7:56  Zealot x3  
  108  7:58  Shield Battery  
  108  8:03  Warp Prism  
  108  8:05  Stalker x4  
  110  8:09  Shield Battery  
  116  8:21  Pylon  
  116  8:23  Robotics Bay  
  116  8:24  Pylon  
  116  8:25  Assimilator  
  116  8:26  Assimilator  
  116  8:34  Robotics Facility  
  116  8:36  Probe x3, Pylon  
  116  8:37  Probe  
  120  8:43  High Templar x2  
  120  8:44  Zealot x3, High Templar x2  
  120  8:45  Zealot  
  134  8:50  Archon x2  
  134  8:51  Pylon  
  134  8:54  Shield Battery  
  134  9:05  Zealot x3  
  139  9:17  Zealot x5  
  147  9:24  Photon Cannon, Disruptor x2 (Chrono Boost)  
  153  9:33  Probe x3  
  153  9:34  Probe  
  153  9:37  Zealot x3  
  163  9:40  Protoss Ground Weapons Level 3 (Chrono Boost)  
  163  9:44  Pylon x2  
  163  9:50  Photon Cannon x2  
  163  9:52  Photon Cannon  
  163  10:01  Dark Shrine  
  163  10:03  Photon Cannon  
  163  10:04  Disruptor x2 (Chrono Boost)  
  167  10:20  Zealot x2  
  167  10:21  Zealot x6  
  175  10:30  Gateway  
  175  10:32  Gateway  
  175  10:37  Disruptor (Chrono Boost)  
  175  10:39  Robotics Facility  
  178  10:43  Disruptor (Chrono Boost)  
  177  10:51  Assimilator  
  177  10:53  Assimilator  
  173  10:57  Nexus  
  169  11:06  Stalker x4, Disruptor  
  169  11:07  Stalker  
  180  11:11  Disruptor  
  180  11:12  Pylon  
  180  11:13  Pylon  
  163  11:45  Stalker  
  161  11:55  Dark Templar x8  
  161  11:56  Dark Templar  
  161  11:57  Pylon  
  161  11:58  Shadow Stride  
  177  12:04  Stalker  
  179  12:11  Gateway x2  
  179  12:12  Pylon  
  179  12:13  Photon Cannon  
  179  12:14  Photon Cannon  
  179  12:15  Shield Battery  
  179  12:17  Probe x4  
  179  12:18  Pylon  
  183  12:26  Archon  
  171  12:35  Stalker  
  171  12:36  Stalker x9  
  185  12:42  Protoss Ground Armor Level 1 (Chrono Boost)  
  185  12:43  Observer  
  171  13:09  Disruptor  
  171  13:10  Disruptor x2  
  176  13:24  Pylon  
  151  13:31  Dark Templar x7  
  145  13:37  Stalker x3  
  143  13:50  Observer  
  143  13:58  Nexus  
  143  14:01  Pylon  
  143  14:02  Observer x2  
  145  14:07  Stalker x9  
  145  14:08  Stalker  
  157  14:16  Probe x2  
  158  14:19  Gravitic Boosters  
  152  14:36  Stalker x11  
  152  14:37  Stalker  
  163  15:16  Stalker x12  
  187  15:39  Assimilator  
  187  15:40  Assimilator  
  187  15:42  Photon Cannon, Pylon  
  187  15:44  Photon Cannon, Shield Battery  
  186  15:59  Observer x2  
  186  16:01  Stalker x6  
  200  16:14  Nexus  
  200  16:25  Stargate  
  198  16:33  Dark Templar  
  191  16:58  Dark Templar x2, Pylon  
  191  16:59  Dark Templar x2  
  199  17:01  Pylon  
  199  17:02  Pylon  
  199  17:06  Observer  
  200  17:12  Disruptor x2  
  185  17:27  Disruptor  
  167  17:43  Dark Templar  
  167  17:44  Dark Templar  
  167  17:45  Dark Templar x9  
  181  17:57  Stalker  
  148  18:19  Stalker x7  
  147  18:20  Stalker x4  
  151  18:31  Probe x5  
  153  18:51  Disruptor x3 (Chrono Boost)  
  153  18:55  Probe x4  
  166  18:58  Nexus  
  166  18:59  Pylon  
  160  19:22  Probe x2  
  160  19:23  Probe  
  160  19:24  Assimilator, Probe x2  
  165  19:25  Observer x2, Assimilator  
  165  19:26  Stalker x10  
  187  19:35  Photon Cannon x2, Protoss Ground Armor Level 2 (Chrono Boost)  
  187  19:37  Photon Cannon  
  187  19:38  Pylon  
  187  19:39  Shield Battery  
  187  19:43  Probe x3  
  187  19:44  Probe  
  191  19:47  Probe  
  192  19:56  Disruptor x2  
  182  20:34  Disruptor x2  
  188  20:41  Dark Templar x4  
  186  20:57  Dark Templar x3  
  145  21:28  Stalker x2  
  145  21:29  Stalker x7  
  155  21:35  Observer  
  154  21:53  Dark Templar x2  
  158  21:54  Zealot x5  
  158  22:01  Nexus  
  168  22:08  Pylon  

Tags
 
Add a new tag
Caveats
  • Supply blocks, unpowered buildings, or Contaminate may cause inaccurate times.
  • Supply counts are checked every 10 seconds.